Unix NetHack Version 3.7.0-66 Work-in-progress - last build Dec 5 2022 03:26:57 (dbea811729ade750c4c0c7f8ab6145c62533a6e7,branch:master). Game began 2022-12-24 18:15:02, ended 2022-12-24 18:34:00. Cohen, neutral male gnomish Wizard ---------- - .........| . --------------- |..<.....| ..............| -------- |........| # |.............| |....... |........-######## ######.>............| |......| #----.----- # # ## |.............| |......-############# ########## |.............| --.-|--- # #### # # ---------.---+- ####### ## # ####### ## # # # # # # ### ------- # # ##### # ##### ###-@%f.[| # #### #### # ## -----|-- ### |Gm*%?| # # ## #### # |......| ## |.%]%(| # # ####----.--|-# |......-### |.?%(%| ----.------# # |........# |......| # |.))/+| |k........|### |.......| -------- |.[..!| |.........-# |.......| ------- |.........| |.......| ----------- --------- Cohen the Evoker St:9 Dx:11 Co:16 In:15 Wi:10 Ch:14 Neutral Dlvl:4 $:50 HP:0(11) Pw:9(9) AC:6 Xp:1/15 T:2271 Fainted Deaf Latest messages: You begin praying to Thoth. You are surrounded by a shimmering light. You finish your prayer. You feel that Thoth is satisfied. You swap places with Greebo. You stop. Greebo is in the way! You swap places with Greebo. The newt misses! You swap places with Greebo. Greebo bites it. Greebo eats a newt corpse. You swap places with Greebo. You faint from lack of food. You regain consciousness. The door opens. You faint from lack of food. You regain consciousness. You faint from lack of food. You regain consciousness. The door opens. You faint from lack of food. You regain consciousness. You faint from lack of food. You regain consciousness. "Hello, Cohen! Welcome to Sipaliwini's general store!" You see here 2 plump helmets (for sale, 136 zorkmids). Greebo eats a tripe ration. You see here 2 food rations (for sale, 360 zorkmids). You see here an apple (for sale, 28 zorkmids). You see here a scroll labeled DAIYEN FOOELS (for sale, 400 zorkmids). Greebo picks up a piece of cloth. You faint from lack of food. Greebo eats an egg. Greebo misses the small mimic. Greebo misses the small mimic. Greebo bites the small mimic. The small mimic misses Greebo. Greebo drops a piece of cloth. Greebo misses the small mimic. Greebo bites the small mimic. The small mimic misses Greebo. Greebo misses the small mimic. Greebo bites the small mimic. Greebo misses the small mimic. The small mimic hits! Greebo misses the small mimic. The small mimic hits! You die... Sipaliwini gratefully inherits all your possessions. Do you want to see what you had when you died? [ynq] (y) Inventory: Coins ('$') $ - 50 gold pieces Weapons (')') u - 30 +0 arrows a - a blessed +1 quarterstaff (weapon in hands) Armor ('[') B - an uncursed +0 cloak of magic resistance (being worn) D - an uncursed +0 studded leather armor (being worn) Scrolls ('?') j - an uncursed scroll of create monster i - an uncursed scroll of enchant weapon n - a blessed scroll of light b - an uncursed scroll of light h - an uncursed scroll of teleportation Spellbooks ('+') l - an uncursed spellbook of confuse monster k - a blessed spellbook of force bolt Potions ('!') f - 2 uncursed potions of booze F - a blessed potion of oil g - an uncursed potion of see invisible o - 3 uncursed potions of water Rings ('=') d - a blessed +1 ring of adornment (on left hand) e - an uncursed ring of regeneration Wands ('/') c - a wand of secret door detection (0:12) s - a wand of teleportation (0:4) Tools ('(') z - a cursed blindfold p - 4 cursed tallow candles Gems/Stones ('*') m - an uncursed worthless piece of red glass v - a cursed worthless piece of red glass Cohen the Wizard's attributes: Background: You were an Evoker, a level 1 male gnomish Wizard. You were neutral, on a mission for Thoth who was opposed by Ptah (lawful) and Anhur (chaotic). You were in the Dungeons of Doom, on level 4. You entered the dungeon 2271 turns ago. There was a new moon in effect when your adventure ended. You had 15 experience points, 5 more were needed to attain level 2. Basics: You had 0 out of 11 hit points. You had all 9 energy points (spell power). Your armor class was 6. Your wallet contained 50 zorkmids. Autopickup was on, but temporarily disabled while inside the shop. Final Characteristics: Your strength was 9 (base:10, limit:18/50). Your dexterity was 11 (limit:18). Your constitution was 16 (limit:18). Your intelligence was 15 (limit:19). Your wisdom was 10 (limit:18). Your charisma was 14 (base:13, limit:18). Final Status: You were deaf. You were fainted due to starvation. You were unencumbered. You were wielding a quarterstaff. You had basic skill with quarterstaff. Final Attributes: You were nominally aligned. You were magic-protected. You were telepathic. You had infravision. You were more charismatic. You were warded. You are dead. Miscellaneous: You never encountered a bones level. Total elapsed playing time was 18 minutes and 56 seconds. Major events: Turn 1: Cohen the neutral male gnomish Wizard entered the dungeon 1021: entered the Gnomish Mines 2271: killed by a small mimic, while fainted from lack of food Vanquished creatures: a shrieker a floating eye an acid blob a gas spore a hobbit a gecko 4 jackals 2 goblins 3 grid bugs a bat 2 lichens 12 newts 30 creatures vanquished. No species were genocided or became extinct. Voluntary challenges: You read items or engraved 1 time. You engraved Elbereth 1 time. You never genocided any monsters. You never polymorphed an object. You never changed form. You used no wishes. Achievements: You entered the Gnomish Mines. You entered a shop. The Dungeons of Doom: levels 1 to 5 Level 1: A fountain. Level 2: Level 3: "Vault" An armor shop, a grave. Stairs down to The Gnomish Mines. Level 4: <- You were here. A general store. Final resting place for you, killed by a small mimic, while fainted from lack of food. Level 5: The Gnomish Mines: Level 4: Game over: ---------- / \ / REST \ / IN \ / PEACE \ / \ | Cohen | | 50 Au | | killed by a | | small mimic | | | | | | 2022 | *| * * * | * _________)/\\_//(\/(/\)/\//\/|_)_______ Goodbye Cohen the Wizard... You died in The Dungeons of Doom on dungeon level 4 with 305 points, and 50 pieces of gold, after 2271 moves. You were level 1 with a maximum of 11 hit points when you died.